Diablos vs Condors
Created - March 22, 2021 at 20:28
Goals
|
| Diablos |
1 |
3 |
2 |
0 |
0 |
6 |
| Condors |
3 |
1 |
2 |
0 |
1 |
7 |
|
Shots
|
| Diablos |
8 |
17 |
5 |
0 |
3 |
30 |
| Condors |
12 |
8 |
9 |
1 |
3 |
30 |
|
1st period
1. Diablos , Corey Trivino 14 (Tyler Pitlick 30, Mattias Tedenby 34) at 1:03 (PP)
2. Condors , Nail Yakupov 52 (Tyler Bozak 42) at 5:07
3. Condors , Anton Slepyshev 31 (Mark Jankowski 27, Chris Bigras 18) at 13:00 (PP)
4. Condors , Kasperi Kapanen 14 (Mark Jankowski 28, Anton Slepyshev 41) at 17:13
Penalties :
Andrew Mangiapane (Bak) for Interference (Minor) at 0:51, Jakub Vrana (Don) for Boarding (Minor) at 7:25, Joni Ortio (Don) for Slashing (Minor) at 11:56 - Viktor Loov served the penalty, Jiri Sekac (Don) for Hooking (Minor) at 19:11
2nd period
5. Condors , Mikko Lehtonen 16 (Zac Leslie 23) at 10:57
6. Diablos , Jonathan Matsumoto 4 (Danton Heinen 28, Dean Kukan 16) at 11:34
7. Diablos , Corey Trivino 15 (Mattias Tedenby 35, Brian Dumoulin 43) at 11:50
8. Diablos , Jiri Sekac 15 (Adrian Kempe 61, Dean Kukan 17) at 17:58
Penalties :
Jiri Sekac (Don) for Tripping (Minor) at 6:43, Adrian Kempe (Don) for Interference (Minor) at 15:34
3rd period
9. Condors , C.J Suess 5 (Adam Erne 3, Caleb Jones 1) at 2:07
10. Diablos , Tyler Pitlick 28 (Mattias Tedenby 36, Corey Trivino 30) at 3:38 (PP)
11. Diablos , Mattias Tedenby 21 (Corey Trivino 31) at 13:18
12. Condors , Carl Gunnarsson 8 (Mikko Lehtonen 15, Louis Leblanc 13) at 19:17
Penalties :
Nail Yakupov (Bak) for Hooking (Minor) at 3:04, Scott Glennie (Don) for Tripping (Minor) at 6:49, Carl Gunnarsson (Bak) for Holding (Minor) at 15:49, Brian Dumoulin (Don) for Roughing (Minor) at 16:43, Anthony Nigro (Don) for Holding Stick (Minor) at 19:44
Overtime #1
No Goal
Penalties :
No Penalty
Shootout
Diablos , Tyler Pitlick - Stopped by Ilya Samsonov
Condors, Tyler Bozak - Stopped by Jean-Francois Berube
Diablos , Mattias Tedenby - Stopped by Ilya Samsonov
Condors, Nail Yakupov - Shot Misses the Net
Diablos , Corey Trivino - Stopped by Ilya Samsonov
Condors, Mikko Lehtonen - Goal!
Penalties :
No Penalty
Goalie Stats
Jean-Francois Berube (Don), 10 saves from 12 shots - (0.833), OTL, 15-10-3, 34:03 minutes
Joni Ortio (Don), 14 saves from 18 shots - (0.778), 30:57 minutes
Ilya Samsonov (Bak), 24 saves from 30 shots - (0.800), W, 11-12-2, 64:46 minutes
Players Stats for Diablos
Player Name G A P +/- PIM S H SB GA TA FO MP PP MP PK MP
------------------------------------------------------------------------------------
Adrian Kempe 0 1 1 2 2 3 0 0 0 0 0/0 11:56 0:00 0:00
Alex Petrovic 0 0 0 1 0 1 4 4 0 0 0/0 30:41 1:20 8:24
Andrey Pedan 0 0 0 0 0 0 0 0 0 1 0/0 9:42 0:00 0:20
Anthony Nigro 0 0 0 -3 2 1 1 0 0 0 3/6 10:02 0:00 0:00
Brian Dumoulin 0 1 1 1 2 0 1 1 2 0 0/0 29:38 1:19 7:38
Charles Hudon 0 0 0 0 0 0 0 0 0 0 0/0 1:39 0:00 0:11
Corey Trivino 2 2 4 1 0 6 3 0 0 0 16/24 22:23 1:40 3:41
Danton Heinen 0 1 1 1 0 0 0 1 1 0 0/0 11:32 0:00 0:00
Dean Kukan 0 2 2 0 0 0 0 2 0 1 0/0 20:52 0:20 5:20
Dominic Turgeon 0 0 0 0 0 0 1 0 0 1 0/3 6:16 0:00 0:00
Guillaume Brisebois 0 0 0 -2 0 0 0 0 0 0 0/0 4:13 0:00 0:00
Jack Glover 0 0 0 -1 0 1 0 1 0 1 0/0 10:36 0:00 0:55
Jakub Vrana 0 0 0 0 2 1 1 1 0 0 0/0 6:17 0:00 0:00
Jiri Sekac 1 0 1 -2 4 3 1 0 0 1 0/0 12:06 0:00 0:58
Jonathan Matsumoto 1 0 1 1 0 1 4 0 0 1 6/13 16:42 0:00 3:41
Mason Appleton 0 0 0 0 0 0 0 0 0 0 0/0 0:15 0:00 0:13
Mattias Tedenby 1 3 4 1 0 2 3 0 1 1 0/3 26:19 1:40 6:57
Sam Reinhart 0 0 0 -3 0 1 1 0 0 0 0/0 9:59 0:00 0:00
Scott Glennie 0 0 0 0 2 2 0 0 0 0 0/0 6:16 0:00 0:00
Sergey Tolchinsky 0 0 0 0 0 0 0 0 0 0 0/1 1:11 0:00 0:00
Tobias Lindberg 0 0 0 0 0 0 0 0 0 0 0/0 0:00 0:00 0:00
Ty Rattie 0 0 0 0 0 0 0 0 0 0 1/1 3:54 0:00 2:30
Tyler Lewington 0 0 0 -2 0 0 0 1 0 0 0/0 4:21 0:00 0:08
Tyler Pitlick 1 1 2 0 0 8 2 0 0 0 6/16 27:35 1:40 7:49
Viktor Loov 0 0 0 0 0 0 2 3 1 0 0/0 20:31 0:20 4:59
Players Stats for Condors
Player Name G A P +/- PIM S H SB GA TA FO MP PP MP PK MP
------------------------------------------------------------------------------------
Adam Erne 0 1 1 1 0 0 1 0 1 0 1/1 6:40 0:00 0:00
Alex Tuch 0 0 0 -1 0 1 2 0 0 0 1/2 21:20 6:25 0:00
Andrew Mangiapane 0 0 0 0 2 1 0 0 1 0 1/1 12:01 0:07 0:11
Anton Slepyshev 1 1 2 1 0 7 2 1 1 0 0/1 20:18 5:36 0:00
Brett Lernout 0 0 0 0 0 0 0 0 0 1 0/0 10:53 0:00 1:21
C.J Suess 1 0 1 1 0 2 0 0 0 0 0/0 6:40 0:00 0:00
Caleb Jones 0 1 1 0 0 0 0 2 0 0 0/0 9:32 0:00 0:00
Carl Gunnarsson 1 0 1 0 2 2 2 0 0 0 0/0 27:02 7:49 0:00
Chris Bigras 0 1 1 0 0 0 1 5 0 0 0/0 22:10 4:22 0:19
Connor Hurley 0 0 0 1 0 0 0 0 0 0 4/4 6:40 0:00 0:00
Emil Djuse 0 0 0 1 0 0 0 0 0 0 0/0 4:22 0:00 0:00
Eric Gustafsson 0 0 0 -1 0 0 1 1 1 1 0/0 25:16 4:06 1:21
Erik Cernak 0 0 0 1 0 0 0 0 0 2 0/0 5:55 0:10 0:00
Gustav Olofsson 0 0 0 0 0 0 0 0 0 0 0/0 0:19 0:00 0:19
Kasperi Kapanen 1 0 1 0 0 2 2 0 0 0 0/0 17:48 5:36 0:00
Louis Leblanc 0 1 1 1 0 2 1 1 0 0 4/5 13:48 0:10 0:16
Mark Jankowski 0 2 2 0 0 1 1 0 1 0 7/14 21:12 5:36 1:24
Mikko Lehtonen 1 1 2 1 0 6 0 0 1 0 0/0 13:03 0:07 0:39
Nail Yakupov 1 0 1 -1 2 2 0 0 0 1 1/3 24:12 6:22 0:50
Tyler Bozak 0 1 1 -1 0 3 2 1 1 0 16/36 23:28 6:22 0:00
Zac Leslie 0 1 1 1 0 1 1 1 0 0 0/0 24:33 7:52 0:00
3 Stars
1 - Corey Trivino (Don)
2 - Mattias Tedenby (Don)
3 - Anton Slepyshev (Bak)
Power Play
Diablos - 2 on 3 Attempt(s) - 66.67%
Condors - 1 on 8 Attempt(s) - 12.50%
Penalty Kill
Diablos - 7 on 8 Attempt(s) - 87.50%
- Score 0 goal in Penalty Kill
Condors - 1 on 3 Attempt(s) - 33.33%
- Score 0 goal in Penalty Kill
Team Stat
Diablos - Hits : 24 - Faceoff Wins : 32 - Blocked Shots : 14 - Penalty Minutes : 16
Condors - Hits : 16 - Faceoff Wins : 35 - Blocked Shots : 12 - Penalty Minutes : 6
Official
Referees : Unknown
Linesman : Unknown
Game Notes
Jean-Francois Berube enters game at 10:57 of 2nd period
Finance
Level 1 -- Attendance: 1463 (73.15%) -- Ticket Income $58,520
Level 2 -- Attendance: 733 (73.30%) -- Ticket Income $14,660
Total Attendance: 2196 (73.20%)
Total Ticket Income: $73,180
Other Income: $3,659
Total Income: $76,839
Diablos
5 vs 5 Forward
Center Left Wing Right Wing Time % Phy DF OF
1 Corey Trivino Tyler Pitlick Mattias Tedenby 40 1 2 2
2 Jonathan Matsumoto Adrian Kempe Danton Heinen 30 1 2 2
3 Anthony Nigro Jiri Sekac Sam Reinhart 20 1 2 2
4 Dominic Turgeon Jakub Vrana Scott Glennie 10 1 2 2
5 vs 5 Defense
Defense Defense Time % Phy DF OF
1 Brian Dumoulin Alex Petrovic 40 1 2 2
2 Viktor Loov Dean Kukan 30 1 2 2
3 Andrey Pedan Jack Glover 20 1 2 2
4 Tyler Lewington Guillaume Brisebois 10 1 2 2
PowerPlay Forward
Center Left Wing Right Wing Time % Phy DF OF
1 Corey Trivino Tyler Pitlick Mattias Tedenby 60 1 2 2
2 Jonathan Matsumoto Adrian Kempe Danton Heinen 40 1 2 2
PowerPlay Defense
Defense Defense Time % Phy DF OF
1 Brian Dumoulin Alex Petrovic 60 1 2 2
2 Viktor Loov Dean Kukan 40 1 2 2
Penalty Kill 4 Players Forward
Center Wing Time % Phy DF OF
1 Tyler Pitlick Mattias Tedenby 60 1 2 2
2 Corey Trivino Jonathan Matsumoto 40 1 2 2
Penalty Kill 4 Players Defense
Defense Defense Time % Phy DF OF
1 Brian Dumoulin Alex Petrovic 60 1 2 2
2 Viktor Loov Dean Kukan 40 1 2 2
Penalty Kill - 3 Players Forward
Forward Time % Phy DF OF
1 Tyler Pitlick 60 1 2 2
2 Mattias Tedenby 40 1 2 2
Penalty Kill - 3 Players Defense
Defense Defense Time % Phy DF OF
1 Brian Dumoulin Alex Petrovic 60 1 2 2
2 Viktor Loov Dean Kukan 40 1 2 2
4 vs 4 Forward
Center Wing Time % Phy DF OF
1 Tyler Pitlick Mattias Tedenby 60 1 2 2
2 Corey Trivino Jonathan Matsumoto 40 1 2 2
4 vs 4 Defense
Defense Defense Time % Phy DF OF
1 Brian Dumoulin Alex Petrovic 60 1 2 2
2 Viktor Loov Dean Kukan 40 1 2 2
Last Minutes Offensive
Center Left Wing Right Wing Defense Defense
Corey Trivino Tyler Pitlick Mattias Tedenby Brian Dumoulin Alex Petrovic
Last Minutes Defensive
Center Left Wing Right Wing Defense Defense
Corey Trivino Tyler Pitlick Mattias Tedenby Brian Dumoulin Alex Petrovic
Goaltenders
Starting : Joni Ortio
Backup : Jean-Francois Berube
Extra Forwards
Normal : Sergey Tolchinsky, Charles Hudon, Ty Rattie - PP : Sergey Tolchinsky, Charles Hudon - PK : Ty Rattie
Extra Defensemen
Normal : Andrey Pedan, Jack Glover, Tyler Lewington - PP : Andrey Pedan - PK : Jack Glover, Tyler Lewington
Penalty Shots
Tyler Pitlick, Mattias Tedenby, Corey Trivino, Jonathan Matsumoto, Adrian Kempe
Scratches
Peter Holland (Bruised Left Arm Injury), Daniel Sprong (Healthy), Andrei Mironov (Head Injury), Ryan MacInnis (Healthy)
Condors
5 vs 5 Forward
Center Left Wing Right Wing Time % Phy DF OF
1 Tyler Bozak Alex Tuch Nail Yakupov 40 1 2 2
2 Mark Jankowski Anton Slepyshev Kasperi Kapanen 30 1 2 2
3 Louis Leblanc Andrew Mangiapane Mikko Lehtonen 20 1 2 2
4 Connor Hurley C.J Suess Adam Erne 10 1 2 2
5 vs 5 Defense
Defense Defense Time % Phy DF OF
1 Carl Gunnarsson Eric Gustafsson 40 1 2 2
2 Zac Leslie Chris Bigras 30 1 2 2
3 Caleb Jones Brett Lernout 20 1 2 2
4 Emil Djuse Erik Cernak 10 1 2 2
PowerPlay Forward
Center Left Wing Right Wing Time % Phy DF OF
1 Tyler Bozak Alex Tuch Nail Yakupov 60 1 2 2
2 Mark Jankowski Anton Slepyshev Kasperi Kapanen 40 1 2 2
PowerPlay Defense
Defense Defense Time % Phy DF OF
1 Carl Gunnarsson Zac Leslie 60 1 2 2
2 Chris Bigras Eric Gustafsson 40 1 2 2
Penalty Kill 4 Players Forward
Center Wing Time % Phy DF OF
1 Mark Jankowski Nail Yakupov 60 1 2 2
2 Louis Leblanc Mikko Lehtonen 40 1 2 2
Penalty Kill 4 Players Defense
Defense Defense Time % Phy DF OF
1 Brett Lernout Eric Gustafsson 60 1 2 2
2 Carl Gunnarsson Chris Bigras 40 1 2 2
Penalty Kill - 3 Players Forward
Forward Time % Phy DF OF
1 Tyler Bozak 60 1 2 2
2 Nail Yakupov 40 1 2 2
Penalty Kill - 3 Players Defense
Defense Defense Time % Phy DF OF
1 Carl Gunnarsson Eric Gustafsson 60 1 2 2
2 Zac Leslie Erik Cernak 40 1 2 2
4 vs 4 Forward
Center Wing Time % Phy DF OF
1 Tyler Bozak Nail Yakupov 60 1 2 2
2 Mark Jankowski Anton Slepyshev 40 1 2 2
4 vs 4 Defense
Defense Defense Time % Phy DF OF
1 Carl Gunnarsson Eric Gustafsson 60 1 2 2
2 Zac Leslie Chris Bigras 40 1 2 2
Last Minutes Offensive
Center Left Wing Right Wing Defense Defense
Tyler Bozak Anton Slepyshev Nail Yakupov Carl Gunnarsson Eric Gustafsson
Last Minutes Defensive
Center Left Wing Right Wing Defense Defense
Tyler Bozak Anton Slepyshev Nail Yakupov Carl Gunnarsson Eric Gustafsson
Goaltenders
Starting : Ilya Samsonov
Backup : Mark Visentin
Extra Forwards
Normal : Louis Leblanc, Alex Tuch, Mikko Lehtonen - PP : Louis Leblanc, Alex Tuch - PK : Mikko Lehtonen
Extra Defensemen
Normal : Erik Cernak, Brett Lernout, Gustav Olofsson - PP : Erik Cernak - PK : Brett Lernout, Gustav Olofsson
Penalty Shots
Tyler Bozak, Nail Yakupov, Mikko Lehtonen, Mark Jankowski, Anton Slepyshev
Scratches
Nick Merkley (Healthy), Christian Thomas (Healthy), Cole Cassels (Healthy), Jordan Subban (Healthy), Jeremy Gregoire (Healthy)
Remi Elie (Healthy), Brett Ritchie (Healthy), Daniel Zaar (Torso Injury), Frederik Gauthier (Bruised Left Arm Injury), Anders Bjork (Healthy)
Hunter Smith (Healthy), Jack Campbell (Healthy)
% Time on Ice - Diablos
Lines # - Real PCT - Wanted PCT - Time Play
Normal Forward
1 - 38% - 40% - 16:59
2 - 26% - 30% - 11:53
3 - 22% - 20% - 9:59
4 - 14% - 10% - 6:16
Normal Defense
1 - 41% - 40% - 18:38
2 - 29% - 30% - 13:10
3 - 20% - 20% - 9:06
4 - 9% - 10% - 4:13
PP Forward
1 - 100% - 60% - 1:40
2 - 0% - 40% - 0:00
PP Defense
1 - 80% - 60% - 1:20
2 - 20% - 40% - 0:20
PK Forward
1 - 70% - 60% - 8:27
2 - 30% - 40% - 3:41
PK Defense
1 - 63% - 60% - 7:40
2 - 37% - 40% - 4:28
PK3 Forward
1 - 79% - 60% - 1:22
2 - 21% - 40% - 0:22
PK3 Defense
1 - 50% - 60% - 0:52
2 - 50% - 40% - 0:52
44 Forward
1 - 72% - 60% - 3:09
2 - 28% - 40% - 1:12
44 Defense
1 - 53% - 60% - 2:19
2 - 47% - 40% - 2:02
Last Minute Offensive - 0:00
Last Minute Defensive - 0:00
Total
Forward - 65:00
Defense - 65:00
|
% Time on Ice - Condors
Lines # - Real PCT - Wanted PCT - Time Play
Normal Forward
1 - 32% - 40% - 14:16
2 - 27% - 30% - 12:12
3 - 26% - 20% - 11:26
4 - 15% - 10% - 6:40
Normal Defense
1 - 36% - 40% - 15:51
2 - 33% - 30% - 14:49
3 - 21% - 20% - 9:32
4 - 10% - 10% - 4:22
PP Forward
1 - 54% - 60% - 6:32
2 - 46% - 40% - 5:36
PP Defense
1 - 64% - 60% - 7:46
2 - 36% - 40% - 4:22
PK Forward
1 - 84% - 60% - 1:24
2 - 16% - 40% - 0:16
PK Defense
1 - 81% - 60% - 1:21
2 - 19% - 40% - 0:19
PK3 Forward
1 - 0% - 60%
2 - 0% - 40%
PK3 Defense
1 - 0% - 60%
2 - 0% - 40%
44 Forward
1 - 67% - 60% - 4:05
2 - 33% - 40% - 2:00
44 Defense
1 - 56% - 60% - 3:25
2 - 44% - 40% - 2:40
Last Minute Offensive - 0:33
Last Minute Defensive - 0:00
Total
Forward - 65:00
Defense - 65:00
|
Play-by-Play
1st period
0:01 of 1st period - Corey Trivino wins face-off versus Tyler Bozak in neutral zone.
0:04 of 1st period - Snap shot by Tyler Pitlick.
0:04 of 1st period - Stopped by Ilya Samsonov with a rebound.
0:49 of 1st period - Snap shot by Danton Heinen.
0:49 of 1st period - Shot Misses the Net.
0:51 of 1st period - Minor Penalty to Andrew Mangiapane for Interference.
0:52 of 1st period - Corey Trivino wins face-off versus Mark Jankowski in Condors zone.
1:01 of 1st period - Slapshot by Tyler Pitlick.
1:01 of 1st period - Shot Misses the Net.
1:03 of 1st period - Wrist shot by Corey Trivino.
1:03 of 1st period - Goal by Corey Trivino - Diablos : 1 - Condors : 0.
1:04 of 1st period - Connor Hurley wins face-off versus Dominic Turgeon in neutral zone.
1:29 of 1st period - Jiri Sekac is hit by Alex Tuch and loses puck.
3:23 of 1st period - Snap shot by Anton Slepyshev.
3:23 of 1st period - Stopped by Joni Ortio with a rebound.
4:21 of 1st period - Wrist shot by Corey Trivino.
4:21 of 1st period - Shot Misses the Net.
4:23 of 1st period - Snap shot by Corey Trivino.
4:23 of 1st period - Shot Blocked by Eric Gustafsson.
4:58 of 1st period - Connor Hurley is hit by Sam Reinhart and loses puck.
5:05 of 1st period - Slapshot by Carl Gunnarsson.
5:05 of 1st period - Stopped by Joni Ortio without a rebound.
5:06 of 1st period - Tyler Bozak wins face-off versus Mattias Tedenby in Diablos zone.
5:07 of 1st period - Snap shot by Nail Yakupov.
5:07 of 1st period - Goal by Nail Yakupov - Diablos : 1 - Condors : 1.
5:08 of 1st period - Corey Trivino wins face-off versus Tyler Bozak in neutral zone.
5:16 of 1st period - Snap shot by Tyler Pitlick.
5:16 of 1st period - Shot Misses the Net.
5:58 of 1st period - Wrist shot by Scott Glennie.
5:58 of 1st period - Stopped by Ilya Samsonov with a rebound.
6:00 of 1st period - Snap shot by Jack Glover.
6:00 of 1st period - Shot Blocked by Anton Slepyshev.
6:02 of 1st period - Wrist shot by Jakub Vrana.
6:02 of 1st period - Shot Blocked by Caleb Jones.
6:04 of 1st period - Slapshot by Jakub Vrana.
6:04 of 1st period - Shot Misses the Net.
6:48 of 1st period - Snap shot by Tyler Pitlick.
6:48 of 1st period - Shot Misses the Net.
7:00 of 1st period - Jonathan Matsumoto is hit by Adam Erne.
7:25 of 1st period - Minor Penalty to Jakub Vrana for Boarding.
7:26 of 1st period - Alex Tuch wins face-off versus Tyler Pitlick in Diablos zone.
7:36 of 1st period - Wrist shot by Nail Yakupov.
7:36 of 1st period - Shot Misses the Net.
8:07 of 1st period - Snap shot by Jonathan Matsumoto.
8:07 of 1st period - Shot Misses the Net.
8:15 of 1st period - Corey Trivino is hit by Anton Slepyshev.
8:27 of 1st period - Tyler Pitlick is hit by Chris Bigras.
8:53 of 1st period - Zac Leslie is hit by Corey Trivino and loses puck.
9:25 of 1st period - Penalty to Jakub Vrana is over, Jakub Vrana is back on ice.
9:32 of 1st period - Wrist shot by Scott Glennie.
9:32 of 1st period - Stopped by Ilya Samsonov with a rebound.
10:16 of 1st period - Icing by Adrian Kempe.
10:17 of 1st period - Jonathan Matsumoto wins face-off versus Tyler Bozak in Diablos zone.
10:46 of 1st period - Wrist shot by Adrian Kempe.
10:46 of 1st period - Stopped by Ilya Samsonov with a rebound.
11:09 of 1st period - Off-side.
11:10 of 1st period - Tyler Bozak wins face-off versus Tyler Pitlick in neutral zone.
11:17 of 1st period - Snap shot by Tyler Bozak.
11:17 of 1st period - Shot Misses the Net.
11:23 of 1st period - Wrist shot by Tyler Bozak.
11:23 of 1st period - Deflect By Tyler Pitlick.
11:23 of 1st period - Shot Misses the Net.
11:23 of 1st period - Puck is out of play.
11:24 of 1st period - Nail Yakupov wins face-off versus Corey Trivino in Diablos zone.
11:25 of 1st period - Snap shot by Tyler Bozak.
11:25 of 1st period - Shot Blocked by Alex Petrovic.
11:33 of 1st period - Snap shot by Tyler Bozak.
11:33 of 1st period - Shot Misses the Net.
11:56 of 1st period - Snap shot by Anton Slepyshev.
11:56 of 1st period - Stopped by Joni Ortio without a rebound.
11:56 of 1st period - Minor Penalty to Joni Ortio for Slashing.
11:57 of 1st period - Tyler Bozak wins face-off versus Tyler Pitlick in Diablos zone.
12:06 of 1st period - Wrist shot by Alex Tuch.
12:06 of 1st period - Shot Blocked by Alex Petrovic.
12:10 of 1st period - Snap shot by Nail Yakupov.
12:10 of 1st period - Deflect By Alex Tuch.
12:10 of 1st period - Shot Misses the Net.
12:10 of 1st period - Puck is out of play.
12:11 of 1st period - Tyler Bozak wins face-off versus Tyler Pitlick in Diablos zone.
12:16 of 1st period - Snap shot by Tyler Bozak.
12:16 of 1st period - Shot Misses the Net.
12:18 of 1st period - Snap shot by Tyler Bozak.
12:18 of 1st period - Stopped by Joni Ortio with a rebound.
12:20 of 1st period - Wrist shot by Alex Tuch.
12:20 of 1st period - Shot Blocked by Alex Petrovic.
12:39 of 1st period - Off-side.
12:40 of 1st period - Corey Trivino wins face-off versus Mark Jankowski in neutral zone.
12:54 of 1st period - Wrist shot by Anton Slepyshev.
12:54 of 1st period - Shot Blocked by Jack Glover.
12:56 of 1st period - Slapshot by Chris Bigras.
12:56 of 1st period - Shot Misses the Net.
12:58 of 1st period - Snap shot by Mark Jankowski.
12:58 of 1st period - Stopped by Joni Ortio with a rebound.
13:00 of 1st period - Backhand shot by Anton Slepyshev.
13:00 of 1st period - Goal by Anton Slepyshev - Diablos : 1 - Condors : 2.
13:01 of 1st period - Tyler Bozak wins face-off versus Corey Trivino in neutral zone.
13:12 of 1st period - Carl Gunnarsson is hit by Mattias Tedenby.
14:16 of 1st period - Wrist shot by Tyler Pitlick.
14:16 of 1st period - Stopped by Ilya Samsonov with a rebound.
14:30 of 1st period - Louis Leblanc is hit by Mattias Tedenby.
14:42 of 1st period - Slapshot by Tyler Pitlick.
14:42 of 1st period - Stopped by Ilya Samsonov with a rebound.
14:44 of 1st period - Slapshot by Tyler Pitlick.
14:44 of 1st period - Shot Misses the Net.
14:48 of 1st period - Snap shot by Tyler Pitlick.
14:48 of 1st period - Shot Misses the Net.
14:56 of 1st period - Chris Bigras is hit by Mattias Tedenby and loses puck.
15:05 of 1st period - Slapshot by Corey Trivino.
15:05 of 1st period - Shot Blocked by Chris Bigras.
15:07 of 1st period - Wrist shot by Mattias Tedenby.
15:07 of 1st period - Stopped by Ilya Samsonov with a rebound.
15:09 of 1st period - Wrist shot by Brian Dumoulin.
15:09 of 1st period - Shot Blocked by Chris Bigras.
15:16 of 1st period - Icing by Louis Leblanc.
15:17 of 1st period - Louis Leblanc wins face-off versus Jonathan Matsumoto in Condors zone.
15:55 of 1st period - Slapshot by Carl Gunnarsson.
15:55 of 1st period - Shot Blocked by Dean Kukan.
16:13 of 1st period - Snap shot by Louis Leblanc.
16:13 of 1st period - Shot Misses the Net.
16:15 of 1st period - Wrist shot by Andrew Mangiapane.
16:15 of 1st period - Stopped by Joni Ortio without a rebound.
16:16 of 1st period - Tyler Bozak wins face-off versus Jonathan Matsumoto in Diablos zone.
16:45 of 1st period - Icing by Anton Slepyshev.
16:46 of 1st period - Anthony Nigro wins face-off versus Mark Jankowski in Condors zone.
17:13 of 1st period - Slapshot by Mark Jankowski.
17:13 of 1st period - Deflect By Kasperi Kapanen.
17:13 of 1st period - Goal by Kasperi Kapanen - Diablos : 1 - Condors : 3.
17:14 of 1st period - Tyler Bozak wins face-off versus Jonathan Matsumoto in neutral zone.
17:29 of 1st period - Wrist shot by Nail Yakupov.
17:29 of 1st period - Shot Misses the Net.
17:39 of 1st period - Eric Gustafsson is hit by Anthony Nigro and loses puck.
19:11 of 1st period - Minor Penalty to Jiri Sekac for Hooking.
19:12 of 1st period - Tyler Bozak wins face-off versus Tyler Pitlick in Diablos zone.
19:12 of 1st period - Slapshot by Nail Yakupov.
19:12 of 1st period - Stopped by Joni Ortio with a rebound.
19:14 of 1st period - Slapshot by Carl Gunnarsson.
19:14 of 1st period - Shot Misses the Net.
19:16 of 1st period - Wrist shot by Tyler Bozak.
19:16 of 1st period - Stopped by Joni Ortio with a rebound.
19:18 of 1st period - Wrist shot by Tyler Bozak.
19:18 of 1st period - Shot Misses the Net.
19:26 of 1st period - Snap shot by Tyler Bozak.
19:26 of 1st period - Shot Misses the Net.
19:28 of 1st period - Slapshot by Alex Tuch.
19:28 of 1st period - Stopped by Joni Ortio with a rebound.
Goals for this period are 1 for Diablos vs 3 for Condors.
Shots for this period are 8 for Diablos vs 12 for Condors.
2nd period
0:01 of 2nd period - Tyler Bozak wins face-off versus Tyler Pitlick in neutral zone.
0:46 of 2nd period - Viktor Loov is hit by Carl Gunnarsson and loses puck.
1:11 of 2nd period - Penalty to Jiri Sekac is over, Jiri Sekac is back on ice.
1:23 of 2nd period - Snap shot by Anton Slepyshev.
1:23 of 2nd period - Stopped by Joni Ortio with a rebound.
1:25 of 2nd period - Snap shot by Anton Slepyshev.
1:25 of 2nd period - Stopped by Joni Ortio with a rebound.
1:31 of 2nd period - Wrist shot by Anton Slepyshev.
1:31 of 2nd period - Shot Misses the Net.
1:33 of 2nd period - Slapshot by Zac Leslie.
1:33 of 2nd period - Stopped by Joni Ortio without a rebound.
1:34 of 2nd period - Jonathan Matsumoto wins face-off versus Tyler Bozak in Diablos zone.
2:01 of 2nd period - Andrey Pedan is hit by Louis Leblanc and loses puck.
2:17 of 2nd period - Icing by Caleb Jones.
2:18 of 2nd period - Connor Hurley wins face-off versus Mattias Tedenby in Condors zone.
2:31 of 2nd period - Snap shot by C.J Suess.
2:31 of 2nd period - Stopped by Joni Ortio without a rebound.
2:32 of 2nd period - Tyler Bozak wins face-off versus Jonathan Matsumoto in Diablos zone.
3:29 of 2nd period - Slapshot by Alex Petrovic.
3:29 of 2nd period - Stopped by Ilya Samsonov with a rebound.
4:55 of 2nd period - Slapshot by Kasperi Kapanen.
4:55 of 2nd period - Shot Blocked by Viktor Loov.
4:57 of 2nd period - Slapshot by Eric Gustafsson.
4:57 of 2nd period - Shot Blocked by Jakub Vrana.
5:18 of 2nd period - Snap shot by Alex Tuch.
5:18 of 2nd period - Shot Blocked by Viktor Loov.
5:52 of 2nd period - Snap shot by Kasperi Kapanen.
5:52 of 2nd period - Shot Misses the Net.
5:54 of 2nd period - Snap shot by Chris Bigras.
5:54 of 2nd period - Shot Misses the Net.
6:06 of 2nd period - Zac Leslie is hit by Jakub Vrana and loses puck.
6:29 of 2nd period - Wrist shot by Nail Yakupov.
6:29 of 2nd period - Shot Blocked by Brian Dumoulin.
6:43 of 2nd period - Minor Penalty to Jiri Sekac for Tripping.
6:44 of 2nd period - Tyler Pitlick wins face-off versus Nail Yakupov in Diablos zone.
6:57 of 2nd period - Mattias Tedenby is hit by Alex Tuch and loses puck.
7:14 of 2nd period - Alex Petrovic is hit by Tyler Bozak and loses puck.
7:21 of 2nd period - Slapshot by Tyler Bozak.
7:21 of 2nd period - Stopped by Joni Ortio without a rebound.
7:22 of 2nd period - Mark Jankowski wins face-off versus Tyler Pitlick in Diablos zone.
8:43 of 2nd period - Penalty to Jiri Sekac is over, Jiri Sekac is back on ice.
8:55 of 2nd period - Slapshot by Jiri Sekac.
8:55 of 2nd period - Stopped by Ilya Samsonov with a rebound.
8:57 of 2nd period - Snap shot by Corey Trivino.
8:57 of 2nd period - Shot Blocked by Chris Bigras.
8:59 of 2nd period - Wrist shot by Corey Trivino.
8:59 of 2nd period - Shot Misses the Net.
9:01 of 2nd period - Snap shot by Corey Trivino.
9:01 of 2nd period - Stopped by Ilya Samsonov with a rebound.
9:03 of 2nd period - Snap shot by Jonathan Matsumoto.
9:03 of 2nd period - Deflect By Eric Gustafsson.
9:03 of 2nd period - Shot Misses the Net.
9:03 of 2nd period - Puck is out of play.
9:04 of 2nd period - Connor Hurley wins face-off versus Dominic Turgeon in Condors zone.
9:13 of 2nd period - Snap shot by Jakub Vrana.
9:13 of 2nd period - Stopped by Ilya Samsonov without a rebound.
9:14 of 2nd period - Adam Erne wins face-off versus Dominic Turgeon in Condors zone.
9:14 of 2nd period - Adam Erne is hit by Dominic Turgeon.
9:27 of 2nd period - Wrist shot by C.J Suess.
9:27 of 2nd period - Deflect By Connor Hurley.
9:27 of 2nd period - Shot Blocked by Tyler Lewington.
9:27 of 2nd period - Puck is out of play.
9:28 of 2nd period - Corey Trivino wins face-off versus Tyler Bozak in Diablos zone.
9:53 of 2nd period - Mark Jankowski is hit by Jonathan Matsumoto and loses puck.
10:04 of 2nd period - Icing by Brian Dumoulin.
10:05 of 2nd period - Jonathan Matsumoto wins face-off versus Tyler Bozak in Diablos zone.
10:36 of 2nd period - Brian Dumoulin is hit by Kasperi Kapanen and loses puck.
10:57 of 2nd period - Wrist shot by Mikko Lehtonen.
10:57 of 2nd period - Goal by Mikko Lehtonen - Diablos : 1 - Condors : 4.
10:57 of 2nd period - Jean-Francois Berube enters game.
10:58 of 2nd period - Corey Trivino wins face-off versus Tyler Bozak in neutral zone.
11:01 of 2nd period - Slapshot by Viktor Loov.
11:01 of 2nd period - Shot Blocked by Tyler Bozak.
11:09 of 2nd period - Slapshot by Carl Gunnarsson.
11:09 of 2nd period - Shot Blocked by Dean Kukan.
11:23 of 2nd period - Eric Gustafsson is hit by Jonathan Matsumoto and loses puck.
11:34 of 2nd period - Wrist shot by Jonathan Matsumoto.
11:34 of 2nd period - Goal by Jonathan Matsumoto - Diablos : 2 - Condors : 4.
11:35 of 2nd period - Corey Trivino wins face-off versus Alex Tuch in neutral zone.
11:48 of 2nd period - Wrist shot by Corey Trivino.
11:48 of 2nd period - Stopped by Ilya Samsonov with a rebound.
11:50 of 2nd period - Snap shot by Corey Trivino.
11:50 of 2nd period - Goal by Corey Trivino - Diablos : 3 - Condors : 4.
11:51 of 2nd period - Corey Trivino wins face-off versus Tyler Bozak in neutral zone.
11:54 of 2nd period - Slapshot by Brian Dumoulin.
11:54 of 2nd period - Deflect By Tyler Pitlick.
11:54 of 2nd period - Stopped by Ilya Samsonov with a rebound.
12:16 of 2nd period - Alex Tuch is hit by Alex Petrovic and loses puck.
12:27 of 2nd period - Snap shot by Jiri Sekac.
12:27 of 2nd period - Shot Misses the Net.
12:29 of 2nd period - Slapshot by Sam Reinhart.
12:29 of 2nd period - Stopped by Ilya Samsonov without a rebound.
12:30 of 2nd period - Corey Trivino wins face-off versus Anton Slepyshev in Condors zone.
12:33 of 2nd period - Snap shot by Tyler Pitlick.
12:33 of 2nd period - Shot Misses the Net.
12:35 of 2nd period - Snap shot by Mattias Tedenby.
12:35 of 2nd period - Shot Misses the Net.
12:37 of 2nd period - Slapshot by Corey Trivino.
12:37 of 2nd period - Stopped by Ilya Samsonov with a rebound.
12:39 of 2nd period - Slapshot by Tyler Pitlick.
12:39 of 2nd period - Stopped by Ilya Samsonov with a rebound.
12:41 of 2nd period - Snap shot by Andrey Pedan.
12:41 of 2nd period - Shot Misses the Net.
12:43 of 2nd period - Slapshot by Jack Glover.
12:43 of 2nd period - Stopped by Ilya Samsonov with a rebound.
14:21 of 2nd period - Wrist shot by Mikko Lehtonen.
14:21 of 2nd period - Shot Misses the Net.
14:23 of 2nd period - Snap shot by Mikko Lehtonen.
14:23 of 2nd period - Stopped by Jean-Francois Berube with a rebound.
14:25 of 2nd period - Wrist shot by Mikko Lehtonen.
14:25 of 2nd period - Shot Misses the Net.
14:41 of 2nd period - Snap shot by Nail Yakupov.
14:41 of 2nd period - Shot Blocked by Viktor Loov.
14:53 of 2nd period - Dean Kukan is hit by Zac Leslie and loses puck.
15:10 of 2nd period - Wrist shot by Jiri Sekac.
15:10 of 2nd period - Shot Blocked by Zac Leslie.
15:12 of 2nd period - Slapshot by Dean Kukan.
15:12 of 2nd period - Deflect By Jiri Sekac.
15:12 of 2nd period - Stopped by Ilya Samsonov without a rebound.
15:13 of 2nd period - Jonathan Matsumoto wins face-off versus Louis Leblanc in Condors zone.
15:34 of 2nd period - Minor Penalty to Adrian Kempe for Interference.
15:35 of 2nd period - Tyler Pitlick wins face-off versus Tyler Bozak in Diablos zone.
16:06 of 2nd period - Wrist shot by Anton Slepyshev.
16:06 of 2nd period - Shot Misses the Net.
16:08 of 2nd period - Snap shot by Anton Slepyshev.
16:08 of 2nd period - Shot Misses the Net.
16:37 of 2nd period - Anton Slepyshev is hit by Jonathan Matsumoto and loses puck.
17:30 of 2nd period - Chris Bigras is hit by Jiri Sekac and loses puck.
17:34 of 2nd period - Penalty to Adrian Kempe is over, Adrian Kempe is back on ice.
17:54 of 2nd period - Wrist shot by Adrian Kempe.
17:54 of 2nd period - Shot Blocked by Chris Bigras.
17:56 of 2nd period - Snap shot by Adrian Kempe.
17:56 of 2nd period - Stopped by Ilya Samsonov with a rebound.
17:58 of 2nd period - Wrist shot by Jiri Sekac.
17:58 of 2nd period - Goal by Jiri Sekac - Diablos : 4 - Condors : 4.
17:59 of 2nd period - Mark Jankowski wins face-off versus Corey Trivino in neutral zone.
18:02 of 2nd period - Wrist shot by Anton Slepyshev.
18:02 of 2nd period - Stopped by Jean-Francois Berube without a rebound.
18:03 of 2nd period - Mark Jankowski wins face-off versus Corey Trivino in Diablos zone.
18:18 of 2nd period - Snap shot by Tyler Pitlick.
18:18 of 2nd period - Stopped by Ilya Samsonov with a rebound.
19:13 of 2nd period - Icing by C.J Suess.
19:14 of 2nd period - Connor Hurley wins face-off versus Corey Trivino in Condors zone.
19:44 of 2nd period - Wrist shot by Danton Heinen.
19:44 of 2nd period - Shot Misses the Net.
19:52 of 2nd period - Wrist shot by Adrian Kempe.
19:52 of 2nd period - Stopped by Ilya Samsonov without a rebound.
19:53 of 2nd period - Mark Jankowski wins face-off versus Anthony Nigro in Condors zone.
Goals for this period are 3 for Diablos vs 1 for Condors.
Shots for this period are 17 for Diablos vs 8 for Condors.
3rd period
0:01 of 3rd period - Corey Trivino wins face-off versus Tyler Bozak in neutral zone.
0:10 of 3rd period - Slapshot by Tyler Pitlick.
0:10 of 3rd period - Stopped by Ilya Samsonov without a rebound.
0:11 of 3rd period - Corey Trivino wins face-off versus Tyler Bozak in Condors zone.
0:40 of 3rd period - Anton Slepyshev is hit by Alex Petrovic and loses puck.
1:09 of 3rd period - Snap shot by Jakub Vrana.
1:09 of 3rd period - Deflect By Scott Glennie.
1:09 of 3rd period - Shot Misses the Net.
1:09 of 3rd period - Puck is out of play.
1:10 of 3rd period - Tyler Bozak wins face-off versus Corey Trivino in Condors zone.
2:07 of 3rd period - Wrist shot by C.J Suess.
2:07 of 3rd period - Goal by C.J Suess - Diablos : 4 - Condors : 5.
2:08 of 3rd period - Corey Trivino wins face-off versus Tyler Bozak in neutral zone.
2:33 of 3rd period - Backhand shot by Kasperi Kapanen.
2:33 of 3rd period - Stopped by Jean-Francois Berube without a rebound.
2:34 of 3rd period - Jonathan Matsumoto wins face-off versus Mark Jankowski in Diablos zone.
3:04 of 3rd period - Minor Penalty to Nail Yakupov for Hooking.
3:05 of 3rd period - Mark Jankowski wins face-off versus Tyler Pitlick in Condors zone.
3:38 of 3rd period - Wrist shot by Tyler Pitlick.
3:38 of 3rd period - Goal by Tyler Pitlick - Diablos : 5 - Condors : 5.
3:39 of 3rd period - Jonathan Matsumoto wins face-off versus Tyler Bozak in neutral zone.
4:04 of 3rd period - Kasperi Kapanen is hit by Tyler Pitlick and loses puck.
4:08 of 3rd period - Icing by Mark Jankowski.
4:09 of 3rd period - Mark Jankowski wins face-off versus Corey Trivino in Condors zone.
4:09 of 3rd period - Mark Jankowski is hit by Corey Trivino.
4:56 of 3rd period - Slapshot by Mattias Tedenby.
4:56 of 3rd period - Shot Blocked by Chris Bigras.
5:06 of 3rd period - Snap shot by Corey Trivino.
5:06 of 3rd period - Stopped by Ilya Samsonov without a rebound.
5:07 of 3rd period - Tyler Bozak wins face-off versus Jonathan Matsumoto in Condors zone.
5:07 of 3rd period - Tyler Bozak is hit by Alex Petrovic.
6:16 of 3rd period - Wrist shot by Mikko Lehtonen.
6:16 of 3rd period - Stopped by Jean-Francois Berube with a rebound.
6:18 of 3rd period - Wrist shot by Eric Gustafsson.
6:18 of 3rd period - Shot Blocked by Danton Heinen.
6:49 of 3rd period - Minor Penalty to Scott Glennie for Tripping.
6:50 of 3rd period - Tyler Bozak wins face-off versus Tyler Pitlick in Diablos zone.
7:53 of 3rd period - Jonathan Matsumoto is hit by Anton Slepyshev and loses puck.
8:49 of 3rd period - Penalty to Scott Glennie is over, Scott Glennie is back on ice.
9:01 of 3rd period - Snap shot by Jakub Vrana.
9:01 of 3rd period - Shot Misses the Net.
9:11 of 3rd period - Snap shot by Louis Leblanc.
9:11 of 3rd period - Stopped by Jean-Francois Berube without a rebound.
9:12 of 3rd period - Louis Leblanc wins face-off versus Anthony Nigro in Diablos zone.
10:07 of 3rd period - Snap shot by Adam Erne.
10:07 of 3rd period - Deflect By Tyler Bozak.
10:07 of 3rd period - Shot Blocked by Alex Petrovic.
10:07 of 3rd period - Puck is out of play.
10:08 of 3rd period - Corey Trivino wins face-off versus Tyler Bozak in Diablos zone.
10:39 of 3rd period - Off-side.
10:40 of 3rd period - Louis Leblanc wins face-off versus Jonathan Matsumoto in neutral zone.
10:43 of 3rd period - Wrist shot by Mikko Lehtonen.
10:43 of 3rd period - Stopped by Jean-Francois Berube without a rebound.
10:44 of 3rd period - Tyler Bozak wins face-off versus Jonathan Matsumoto in Diablos zone.
11:38 of 3rd period - Wrist shot by Louis Leblanc.
11:38 of 3rd period - Stopped by Jean-Francois Berube with a rebound.
11:40 of 3rd period - Wrist shot by Mikko Lehtonen.
11:40 of 3rd period - Stopped by Jean-Francois Berube with a rebound.
11:42 of 3rd period - Slapshot by Zac Leslie.
11:42 of 3rd period - Shot Misses the Net.
12:08 of 3rd period - Viktor Loov is hit by Carl Gunnarsson and loses puck.
12:43 of 3rd period - Brett Lernout is hit by Corey Trivino and loses puck.
12:54 of 3rd period - Snap shot by Corey Trivino.
12:54 of 3rd period - Shot Hit the Post.
13:06 of 3rd period - Slapshot by Jiri Sekac.
13:06 of 3rd period - Deflect By Anthony Nigro.
13:06 of 3rd period - Shot Misses the Net.
13:06 of 3rd period - Puck is out of play.
13:07 of 3rd period - Andrew Mangiapane wins face-off versus Anthony Nigro in Condors zone.
13:16 of 3rd period - Slapshot by Brian Dumoulin.
13:16 of 3rd period - Deflect By Jiri Sekac.
13:16 of 3rd period - Shot Blocked by Louis Leblanc.
13:16 of 3rd period - Puck is out of play.
13:17 of 3rd period - Corey Trivino wins face-off versus Tyler Bozak in Condors zone.
13:18 of 3rd period - Wrist shot by Mattias Tedenby.
13:18 of 3rd period - Goal by Mattias Tedenby - Diablos : 6 - Condors : 5.
13:19 of 3rd period - Corey Trivino wins face-off versus Tyler Bozak in neutral zone.
13:31 of 3rd period - Off-side.
13:32 of 3rd period - Tyler Pitlick wins face-off versus Tyler Bozak in neutral zone.
13:58 of 3rd period - Brian Dumoulin is hit by Kasperi Kapanen and loses puck.
14:32 of 3rd period - Icing by Zac Leslie.
14:33 of 3rd period - Louis Leblanc wins face-off versus Mattias Tedenby in Condors zone.
15:49 of 3rd period - Minor Penalty to Carl Gunnarsson for Holding.
15:50 of 3rd period - Mark Jankowski wins face-off versus Tyler Pitlick in Condors zone.
15:50 of 3rd period - Mark Jankowski is hit by Alex Petrovic.
16:43 of 3rd period - Minor Penalty to Brian Dumoulin for Roughing.
16:44 of 3rd period - Tyler Pitlick wins face-off versus Tyler Bozak in Diablos zone.
16:44 of 3rd period - Tyler Pitlick is hit by Eric Gustafsson.
17:10 of 3rd period - Nail Yakupov is hit by Viktor Loov and loses puck.
17:49 of 3rd period - Penalty to Carl Gunnarsson is over, Carl Gunnarsson is back on ice.
18:33 of 3rd period - Chris Bigras is hit by Tyler Pitlick and loses puck.
18:43 of 3rd period - Penalty to Brian Dumoulin is over, Brian Dumoulin is back on ice.
19:03 of 3rd period - Condors, Ilya Samsonov is pulled from the net.
19:15 of 3rd period - Wrist shot by Mikko Lehtonen.
19:15 of 3rd period - Stopped by Jean-Francois Berube with a rebound.
19:17 of 3rd period - Wrist shot by Carl Gunnarsson.
19:17 of 3rd period - Goal by Carl Gunnarsson - Diablos : 6 - Condors : 6.
19:17 of 3rd period - Ilya Samsonov from Condors was sent back in the game.
19:18 of 3rd period - Anthony Nigro wins face-off versus Mark Jankowski in neutral zone.
19:21 of 3rd period - Backhand shot by Anthony Nigro.
19:21 of 3rd period - Stopped by Ilya Samsonov without a rebound.
19:22 of 3rd period - Anthony Nigro wins face-off versus Mark Jankowski in Condors zone.
19:23 of 3rd period - Snap shot by Sam Reinhart.
19:23 of 3rd period - Shot Blocked by Caleb Jones.
19:44 of 3rd period - Minor Penalty to Anthony Nigro for Holding Stick.
19:45 of 3rd period - Tyler Pitlick wins face-off versus Tyler Bozak in Diablos zone.
Goals for this period are 2 for Diablos vs 2 for Condors.
Shots for this period are 5 for Diablos vs 9 for Condors.
Overtime #1
0:01 of 1st overtime period - Tyler Pitlick wins face-off versus Tyler Bozak in neutral zone.
0:06 of 1st overtime period - Slapshot by Tyler Pitlick.
0:06 of 1st overtime period - Shot Misses the Net.
1:00 of 1st overtime period - Slapshot by Viktor Loov.
1:00 of 1st overtime period - Deflect By Ty Rattie.
1:00 of 1st overtime period - Shot Misses the Net.
1:00 of 1st overtime period - Puck is out of play.
1:01 of 1st overtime period - Ty Rattie wins face-off versus Nail Yakupov in Condors zone.
1:02 of 1st overtime period - Snap shot by Brian Dumoulin.
1:02 of 1st overtime period - Shot Misses the Net.
1:41 of 1st overtime period - Snap shot by Mattias Tedenby.
1:41 of 1st overtime period - Shot Misses the Net.
1:44 of 1st overtime period - Penalty to Anthony Nigro is over, Anthony Nigro is back on ice.
2:07 of 1st overtime period - Slapshot by Zac Leslie.
2:07 of 1st overtime period - Deflect By Alex Tuch.
2:07 of 1st overtime period - Shot Misses the Net.
2:07 of 1st overtime period - Puck is out of play.
2:08 of 1st overtime period - Tyler Bozak wins face-off versus Corey Trivino in Diablos zone.
3:15 of 1st overtime period - Snap shot by Anton Slepyshev.
3:15 of 1st overtime period - Stopped by Jean-Francois Berube without a rebound.
3:16 of 1st overtime period - Tyler Bozak wins face-off versus Sergey Tolchinsky in Diablos zone.
3:25 of 1st overtime period - Dean Kukan is hit by Tyler Bozak and loses puck.
3:33 of 1st overtime period - Icing by Dean Kukan.
3:34 of 1st overtime period - Corey Trivino wins face-off versus Mark Jankowski in Diablos zone.
3:34 of 1st overtime period - Corey Trivino is hit by Mark Jankowski.
3:40 of 1st overtime period - Anton Slepyshev is hit by Jonathan Matsumoto and loses puck.
4:23 of 1st overtime period - Louis Leblanc is hit by Brian Dumoulin and loses puck.
4:32 of 1st overtime period - Eric Gustafsson is hit by Viktor Loov and loses puck.
Goals for this period are 0 for Diablos vs 0 for Condors.
Shots for this period are 0 for Diablos vs 1 for Condors.
ShootOut
5:00 of 1st overtime period - Round #1.
5:00 of 1st overtime period - Diablos , Tyler Pitlick.
5:00 of 1st overtime period - Deke by Tyler Pitlick.
5:00 of 1st overtime period - Stopped by Ilya Samsonov.
5:00 of 1st overtime period - Condors, Tyler Bozak.
5:00 of 1st overtime period - Deke by Tyler Bozak.
5:00 of 1st overtime period - Stopped by Jean-Francois Berube.
5:00 of 1st overtime period - Round #2.
5:00 of 1st overtime period - Diablos , Mattias Tedenby.
5:00 of 1st overtime period - Snap shot by Mattias Tedenby.
5:00 of 1st overtime period - Stopped by Ilya Samsonov.
5:00 of 1st overtime period - Condors, Nail Yakupov.
5:00 of 1st overtime period - Wrist shot by Nail Yakupov.
5:00 of 1st overtime period - Shot Misses the Net.
5:00 of 1st overtime period - Round #3.
5:00 of 1st overtime period - Diablos , Corey Trivino.
5:00 of 1st overtime period - Snap shot by Corey Trivino.
5:00 of 1st overtime period - Stopped by Ilya Samsonov.
5:00 of 1st overtime period - Condors, Mikko Lehtonen.
5:00 of 1st overtime period - Snap shot by Mikko Lehtonen.
5:00 of 1st overtime period - Goal by Mikko Lehtonen.